 Dungeon Sprint DCSS version 0.30.1-9-gdf580d7c3d (webtiles) character file.

Game seed: 3032684169918547021

65543 boopmooplesden the Slayer (level 14, -12/166 HPs)
             Began as a Minotaur Gladiator on Oct 14, 2023.
             Was the Champion of Trog.
             Mangled by an ironbound thunderhulk
             ... wielding a +0 dire flail
              (33 damage)
             ... in the Dungeon (Sprint IX: "|||||||||||||||||||||||||||||").
             The game lasted 00:12:33 (4631 turns).

boopmooplesden the Slayer (Minotaur Gladiator)      Turns: 4631, Time: 00:12:34

Health: -12/166    AC: 33    Str: 23    XL:     14   Next: 75%
Magic:  22/22      EV: 19    Int:  5    God:    Trog [******]
Gold:   4          SH:  0    Dex: 17    Spells: 13/13 levels left

rFire   + . .        h - +2 lajatang (flame)
rCold   + . .        (shield currently unavailable)
rNeg    . . .        L - +10 chain mail of Summer {rF+}
rPois   +            c - +0 hat
rElec   .            M - +1 cloak
rCorr   +            n - +0 pair of gloves
SInv    .            J - +1 pair of boots of the Clam {Will- rCorr Slay+2}
Will    ++++.        A - necklace of Bloodlust {Fury *Rage Will++ Int-3 Slay+6}
Stlth   +            C - ring of Xatsamuhu {rPois MP+9 Int+3 Stlth+}
HPRegen 1.47/turn    B - ring "Uttocut" {rC+ Dex+4}
MPRegen 0.18/turn

%: no teleportation, random rage (50%)
@: strong-willed, on berserk cooldown, regenerating
A: horns 2, retaliatory headbutt
a: Renounce Religion, Berserk, Trog's Hand, Brothers in Arms


You were in the Dungeon.
You worshipped Trog.
Trog was exalted by your worship.
You visited 1 branch You collected 1767 gold pieces.
You spent 1763 gold pieces at shops.

Inventory:

Hand Weapons
 a - a +0 quarterstaff
 b - a +3 quarterstaff
 h - a +2 lajatang of flaming (weapon)
 m - a +0 lajatang
 v - a +2 heavy quarterstaff
 w - a +5 triple sword of flaming
 D - a +4 executioner's axe of flaming
 I - the +0 great sword "Killer Klown's Death" {antimagic, *Noise rC+ rN+ Str+6}
   (You found it in the Dungeon)

   Str:       It affects your strength (+6).
   rC:        It protects you from cold.
   rN:        It protects you from negative energy.
   *Noise:    It may make noises in combat.
Missiles
 d - 3 throwing nets (quivered)
 e - a javelin
Armour
 c - a +0 hat (worn)
 n - a +0 pair of gloves (worn)
 J - the +1 pair of boots of the Clam (worn) {Will- rCorr Slay+2}
   (You found it in the Dungeon)

   Slay:      It affects your accuracy & damage with ranged weapons and melee
   (+2).
   rCorr:     It protects you from acid and corrosion.
   Will:      It decreases your willpower.
 K - a +1 tower shield
 L - the +10 chain mail of Summer (worn) {rF+}
   (You found it in the Dungeon)

   rF:        It protects you from fire.
 M - a +1 cloak (worn)
Jewellery
 p - a +2 ring of protection
 q - a +2 ring of evasion
 A - the necklace of Bloodlust (around neck) {Fury *Rage Will++ Int-3 Slay+6}
   (You bought it in a shop in the Dungeon)

   [amulet of nothing]

   Fury:      It extends the wearer's berserk rage when killing foes.
   Int:       It affects your intelligence (-3).
   Slay:      It affects your accuracy & damage with ranged weapons and melee
   (+6).
   *Rage:     It berserks you when you make melee attacks (+50% chance).
   Will:      It greatly increases your willpower.
 B - the ring "Uttocut" (right hand) {rC+ Dex+4}
   (You bought it in a shop in the Dungeon)

   [ring of protection from cold]

   Dex:       It affects your dexterity (+4).
   rC:        It protects you from cold.
 C - the ring of Xatsamuhu (left hand) {rPois MP+9 Int+3 Stlth+}
   (You bought it in a shop in the Dungeon)

   [ring of magical power]

   Int:       It affects your intelligence (+3).
   rPois:     It protects you from poison.
   MP:        It affects your magic capacity (+9).
   Stlth:     It makes you more stealthy.
 E - a ring of willpower
 F - a ring of protection from fire
 G - a ring of ice
 H - a ring of poison resistance
Wands
 l - a wand of acid (10)
Scrolls
 s - 6 scrolls of enchant weapon
 t - a scroll of fear
 u - a scroll of fog
 x - 4 scrolls of identify
Potions
 f - 4 potions of curing
 g - 2 potions of might
 i - 4 potions of magic
 j - 2 potions of invisibility
 k - a potion of ambrosia
 r - a potion of berserk rage


   Skills:
 + Level 26.6 Fighting
 + Level 17.6 Axes
 + Level 25.8 Staves
 + Level 6.3 Throwing
 + Level 20.5 Armour
 + Level 18.1 Dodging
 + Level 5.0 Stealth


You had 13 spell levels left.
You didn't know any spells.
Your spell library was empty.

Dungeon Overview and Level Annotations

Branches:
Dungeon (1/1)

Altars:
Cheibriados
Dithmenos
Elyvilon
Fedhas
Gozag
Hepliaklqana
Kikubaaqudgha
Makhleb
Nemelex Xobeh
Okawaru
Qazlal
Ru
Sif Muna
Trog
Uskayaw
Vehumet
Wu Jian
Xom
Yredelemnul
Zin
The Shining One
Jiyva
Lugonu

Shops:
D =*=?


Innate Abilities, Weirdness & Mutations

You have a pair of horns on your head.
You reflexively headbutt those who attack you in melee.


Message History

The ironbound thunderhulk barely misses you.
The ironbound frostheart touches you!!
* * * LOW HITPOINT WARNING * * *
The ironbound frostheart freezes you! You resist.
* * * LOW HITPOINT WARNING * * *
Things that are here:
a +0 great mace; a +0 leather armour; a human corpse You slice the ironbound frostheart!!
You burn the ironbound frostheart.
The ironbound frostheart is moderately wounded.
The ironbound frostheart calls freezing cold from the walls.
The frost grips you! You resist.
* * * LOW HITPOINT WARNING * * *
You slice the ironbound frostheart!! You burn the ironbound frostheart!
The ironbound frostheart is almost dead.
The ironbound frostheart closely misses you.
The ironbound thunderhulk barely misses you.
You furiously retaliate!
You headbutt the ironbound thunderhulk!!
You slice the ironbound frostheart like a ripe choko!!!
You burn the ironbound frostheart.
You kill the ironbound frostheart!
Trog accepts your kill.
Trog appreciates your killing of a magic user.
The ice encasing you melts away.
Unknown command.
The ironbound convoker closely misses you.
Items here: ))) [[[[ †††.
You slice the ironbound convoker!! You burn the ironbound convoker.
The ironbound convoker is heavily wounded.
The ironbound convoker begins to recite a word of recall!
You cut the ironbound convoker into ribbons!!!
You burn the ironbound convoker!
You kill the ironbound convoker!
Trog accepts your kill.
Trog appreciates your killing of a magic user.
The ironbound thunderhulk misses you. You furiously retaliate!
You headbutt the ironbound thunderhulk.
You feel better.
The ironbound thunderhulk hits you with a +0 dire flail!!
You die...

▓▓▓▓▓▓▓▓▓▓▓▓▓▓▓▓▓▓▓▓▓▓▓▓
.......+.)))†))O@)......
▓▓▓▓▓▓▓▓▓▓▓▓▓▓▓▓▓▓▓▓▓▓▓▓▓▓▓▓▓▓▓▓▓
..........).............)........
▓▓▓▓▓▓▓▓▓▓▓▓▓▓▓▓▓▓▓▓▓▓▓▓▓▓▓▓▓▓▓▓▓
......'†).......÷)).)))...'......
▓▓▓▓▓▓▓▓▓▓▓▓▓▓▓▓▓▓▓▓▓▓▓▓▓▓▓▓▓▓▓▓▓
.................................
▓▓▓▓▓▓▓▓▓▓▓▓▓▓▓▓▓▓▓▓▓▓▓▓▓▓▓▓▓▓▓▓▓
.[.......)...))))))..........'...


You could see an ironbound thunderhulk (strong).

Vanquished Creatures
  A quicksilver dragon (D)
  A fire giant (D)
  An emperor scorpion (D)
  A vault warden (D)
  3 frost giants (D)
  Aizul (D)
  4 stone giants (D)
  3 ironbound preservers (D)
  A ghost moth (D)
  2 very ugly things (D)
  An ironbound thunderhulk (D)
  Nessos (D)
  A dire elephant (D)
  Snorg (D)
  A merfolk impaler (D)
  An entropy weaver (D)
  3 great orbs of eyes (D)
  A fire dragon (D)
  A yaktaur captain (D)
  A salamander tyrant (D)
  3 hydras (D)
  An ice dragon (D)
  An ogre mage (D)
  A rakshasa (D)
  An ironbound frostheart (D)
  A catoblepas (D)
  2 centaur warriors (D)
  4 two-headed ogres (D)
  Erica (D)
  A death yak (D)
  An alligator (D)
  A deep troll shaman (D)
  A deep troll earth mage (D)
  A vampire mage (D)
  A tengu warrior (D)
  A naga warrior (D)
  A boulder beetle (D)
  A shock serpent (D)
  3 naga sharpshooters (D)
  An orc high priest (D)
  A hell knight (D)
  A goliath frog (D)
  A sea snake (D)
  A spriggan druid (D)
  A bog body (D)
  2 swamp dragons (D)
  A steelbarb worm (D)
  An orc knight (D)
  An ironbound convoker (D)
  2 deep elf pyromancers (D)
  2 harpies (D)
  2 lindwurms (D)
  A necromancer (D)
  An ugly thing (D)
  An orc sorcerer (D)
  A wolf spider (D)
  A manticore (D)
  A will-o-the-wisp (D)
  2 moths of wrath (D)
  2 elephants (D)
  2 vault sentinels (D)
  3 black mambas (D)
  2 cane toads (D)
  2 unseen horrors (D)
  A freezing wraith (D)
  A komodo dragon (D)
  A tengu conjurer (D)
  2 trolls (D)
  A meliai (D)
  A merfolk (D)
  A tarantella (D)
  A polar bear (D)
  A blink frog (D)
  2 slime creatures (D)
  A culicivora (D)
  A shadow (D)
  A yak (D)
  A wraith (D)
  A wyvern (D)
  A redback (D)
  5 water moccasins (D)
  14 orc warriors (D)
  8 black bears (D)
  8 ogres (D)
  3 bullfrogs (D)
  A killer bee (D)
  A hound (D)
  An iguana (D)
  A sleepcap (D)
  An orc priest (D)
  4 orc wizards (D)
  7 orcs (D)
  A quokka (D)
  2 ball pythons (D)
  A bat (D)
  A rat (D)
170 creatures vanquished.

Vanquished Creatures (collateral kills)
  An ironbound preserver (D)
  2 stone giants (D)
  2 ettins (D)
  A merfolk impaler (D)
  An alligator snapping turtle (D)
  A necromancer (D)
  A water nymph (D)
  A basilisk (D)
10 creatures vanquished.

Vanquished Creatures (others)
  5 foxfires (D)
5 creatures vanquished.

Grand Total: 185 creatures vanquished

Notes
Turn   | Place    | Note
-------+----------+-------------------------------------------
     0 | D        | boopmooplesden the Minotaur Gladiator began the quest for
                  | the Orb.
     0 | D        | Reached XP level 1. HP: 18/18 MP: 0/0
    14 | D        | Noticed a hound
    14 | D        | Noticed a black bear
    14 | D        | Noticed a sleepcap
    14 | D        | Noticed an iguana
    16 | D        | Killed a hound
    17 | D        | Reached skill level 3 in Fighting
    17 | D        | Reached skill level 5 in Dodging
    17 | D        | Reached XP level 2. HP: 26/26 MP: 1/1
    17 | D        | Reached XP level 3. HP: 31/31 MP: 2/2
    19 | D        | Killed a black bear
    20 | D        | Reached skill level 4 in Fighting
    20 | D        | Reached skill level 1 in Armour
    20 | D        | Reached XP level 4. HP: 41/41 MP: 3/3
    24 | D        | Reached XP level 5. HP: 47/47 MP: 4/4
    29 | D        | Reached skill level 5 in Fighting
    35 | D        | Found a snail-covered altar of Cheibriados.
    35 | D        | Found a shadowy altar of Dithmenos.
    35 | D        | Found a white marble altar of Elyvilon.
    35 | D        | Found a blossoming altar of Fedhas.
    35 | D        | Found an opulent altar of Gozag.
    36 | D        | Found a hazy altar of Hepliaklqana.
    37 | D        | Found a viscous altar of Jiyva.
    38 | D        | Found an ancient bone altar of Kikubaaqudgha.
    39 | D        | Found a corrupted altar of Lugonu.
    40 | D        | Found a burning altar of Makhleb.
    41 | D        | Found a sparkling altar of Nemelex Xobeh.
    42 | D        | Found an iron altar of Okawaru.
    43 | D        | Found a stormy altar of Qazlal.
    44 | D        | Found a sacrificial altar of Ru.
    45 | D        | Found a shimmering blue altar of Sif Muna.
    46 | D        | Found a bloodstained altar of Trog.
    47 | D        | Found a hide-covered altar of Uskayaw.
    48 | D        | Found a radiant altar of Vehumet.
    49 | D        | Found an ornate altar of the Wu Jian Council.
    50 | D        | Found a shimmering altar of Xom.
    51 | D        | Found a basalt altar of Yredelemnul.
    52 | D        | Found a glowing silver altar of Zin.
    53 | D        | Found a glowing golden altar of the Shining One.
    54 | D        | Became a worshipper of Trog the Wrathful
   100 | D        | Noticed a shadow
   100 | D        | Noticed an orc warrior
   100 | D        | Noticed a troll
   107 | D        | Killed a shadow
   108 | D        | Reached skill level 6 in Fighting
   108 | D        | Reached skill level 10 in Staves
   108 | D        | Reached XP level 6. HP: 12/58 MP: 5/5
   126 | D        | HP: 2/58 [something (3)]
   139 | D        | Killed an unseen horror
   140 | D        | Reached skill level 7 in Fighting
   140 | D        | Reached skill level 5 in Armour
   140 | D        | Reached XP level 7. HP: 15/66 MP: 6/6
   142 | D        | Reached * piety under Trog
   143 | D        | Reached skill level 10 in Dodging
   167 | D        | Reached ** piety under Trog
   168 | D        | Reached skill level 8 in Fighting
   168 | D        | Reached skill level 5 in Throwing
   172 | D        | Killed a troll
   573 | D        | Noticed a wraith
   573 | D        | Noticed a rakshasa
   573 | D        | Noticed a troll
   573 | D        | Noticed a five-headed hydra
   573 | D        | Noticed a slime creature
   577 | D        | Killed a wraith
   578 | D        | Reached XP level 8. HP: 77/77 MP: 7/7
   586 | D        | Killed a rakshasa
   587 | D        | Reached skill level 10 in Fighting
   587 | D        | Reached skill level 15 in Staves
   591 | D        | Killed a troll
   592 | D        | Reached skill level 1 in Stealth
   598 | D        | Killed an unseen horror
   598 | D        | Reached *** piety under Trog
   599 | D        | Reached XP level 9. HP: 79/86 MP: 8/8
   645 | D        | Killed a five-headed hydra
   646 | D        | Reached skill level 11 in Fighting
   646 | D        | Reached skill level 10 in Armour
  1065 | D        | Noticed a cane toad
  1065 | D        | Noticed a komodo dragon
  1072 | D        | Killed a cane toad
  1073 | D        | Reached skill level 12 in Fighting
  1073 | D        | Reached **** piety under Trog
  1082 | D        | Killed a komodo dragon
  1083 | D        | Noticed an elephant
  1092 | D        | Reached XP level 10. HP: 58/99 MP: 9/9
  1093 | D        | Reached ***** piety under Trog
  1099 | D        | Killed an elephant
  1102 | D        | Reached skill level 13 in Fighting
  1242 | D        | Noticed a catoblepas
  1252 | D        | Noticed a cane toad
  1252 | D        | Noticed an elephant
  1256 | D        | Noticed a death yak
  1262 | D        | Killed a catoblepas
  1275 | D        | Received a gift from Trog
  1286 | D        | Killed a cane toad
  1287 | D        | Reached skill level 14 in Fighting
  1293 | D        | Killed an elephant
  1303 | D        | HP: 5/103 [death yak (21)]
  1314 | D        | Killed a death yak
  1438 | D        | Reached skill level 15 in Fighting
  1438 | D        | Received a gift from Trog
  1453 | D        | Got the +5 ring mail of Magic {rC++ rN+ Dex-5}
  1577 | D        | Noticed an orc high priest
  1577 | D        | Reached ****** piety under Trog
  1585 | D        | Noticed a soul eater
  1587 | D        | Received a gift from Trog
  1589 | D        | Noticed a sixfirhy
  1591 | D        | Killed an orc high priest
  1592 | D        | Reached XP level 11. HP: 99/113 MP: 10/10
  1786 | D        | Noticed an orc sorcerer
  1793 | D        | Killed an orc sorcerer
  1793 | D        | Received a gift from Trog
  1806 | D        | Reached skill level 16 in Fighting
  1808 | D        | Received a gift from Trog
  1865 | D        | Found Miattecu's Jewellery Emporium.
  1865 | D        | Noticed an ogre mage
  1865 | D        | Noticed a two-headed ogre
  1865 | D        | Noticed a two-headed ogre
  1869 | D        | Killed an ogre mage
  1869 | D        | Received a gift from Trog
  1871 | D        | Killed a two-headed ogre
  1872 | D        | Reached skill level 15 in Dodging
  1875 | D        | Killed a two-headed ogre
  1876 | D        | Reached skill level 17 in Fighting
  1878 | D        | Found Caunytum's Assorted Antiques.
  1884 | D        | Found Vaufy's Jewellery Emporium.
  1886 | D        | Found Byxka's Magic Scroll Shoppe.
  1886 | D        | Noticed a two-headed ogre
  1888 | D        | Received a gift from Trog
  1899 | D        | Killed a two-headed ogre
  1904 | D        | Noticed a two-headed ogre
  1912 | D        | Killed a two-headed ogre
  1948 | D        | Bought the necklace of Bloodlust {Fury *Rage Will++ Int-3
                  | Slay+6} for 634 gold pieces
  1948 | D        | Found the necklace of Bloodlust {Fury *Rage Will++ Int-3
                  | Slay+6}
  1957 | D        | Bought the ring "Uttocut" {rC+ Dex+4} for 565 gold pieces
  1957 | D        | Bought the ring of Xatsamuhu {rPois MP+9 Int+3 Stlth+} for
                  | 564 gold pieces
  2060 | D        | Noticed Erica
  2065 | D        | Killed Erica
  2065 | D        | Received a gift from Trog
  2066 | D        | Reached skill level 18 in Fighting
  2144 | D        | Got the +0 great sword "Killer Klown's Death" {antimagic,
                  | *Noise rC+ rN+ Str+6}
  2151 | D        | Got the +1 pair of boots of the Clam {Will- rCorr Slay+2}
  2171 | D        | Got the +10 chain mail of Summer {rF+}
  2234 | D        | Noticed an orc knight
  2234 | D        | Noticed a centaur warrior
  2234 | D        | Noticed a deep elf pyromancer
  2234 | D        | Noticed a deep elf pyromancer
  2236 | D        | Killed an orc knight
  2237 | D        | Noticed a white ugly thing
  2239 | D        | Noticed a brown very ugly thing
  2239 | D        | Killed a centaur warrior
  2242 | D        | Killed a deep elf pyromancer
  2243 | D        | Reached XP level 12. HP: 128/128 MP: 11/11
  2247 | D        | Noticed a frost giant
  2247 | D        | Noticed an ettin
  2257 | D        | Killed a brown very ugly thing
  2258 | D        | Reached skill level 19 in Fighting
  2258 | D        | Noticed a stone giant
  2261 | D        | Noticed a stone giant
  2269 | D        | Killed a frost giant
  2269 | D        | Received a gift from Trog
  2274 | D        | Noticed a tengu warrior
  2284 | D        | Killed a stone giant
  2286 | D        | Killed a stone giant
  2287 | D        | Reached skill level 20 in Fighting
  2289 | D        | Killed an ettin
  2295 | D        | Received a gift from Trog
  2304 | D        | Reached skill level 5 in Stealth
  2308 | D        | Killed a tengu warrior
  2451 | D        | Noticed Aizul
  2471 | D        | Killed Aizul
  2472 | D        | Reached skill level 15 in Armour
  2529 | D        | Noticed an alligator
  2529 | D        | Noticed a four-headed hydra
  2533 | D        | Reached skill level 21 in Fighting
  2533 | D        | Noticed a seven-headed hydra
  2542 | D        | Reached skill level 1 in Axes
  2545 | D        | Received a gift from Trog
  2550 | D        | Killed an alligator
  2554 | D        | Killed a one-headed hydra
  2556 | D        | Killed a five-headed hydra
  2557 | D        | Reached skill level 5 in Axes
  2560 | D        | Received a gift from Trog
  2561 | D        | Reached XP level 13. HP: 38/144 MP: 12/12
  2798 | D        | Noticed a merfolk impaler
  2801 | D        | Noticed a merfolk impaler
  2803 | D        | Killed a merfolk impaler
  2815 | D        | Received a gift from Trog
  2823 | D        | Reached skill level 10 in Axes
  2823 | D        | Killed a merfolk impaler
  2824 | D        | Reached skill level 22 in Fighting
  2855 | D        | Noticed an emperor scorpion
  2870 | D        | Killed an emperor scorpion
  2870 | D        | Received a gift from Trog
  3124 | D        | Received a gift from Trog
  3134 | D        | Killed a ghost moth
  3270 | D        | Received a gift from Trog
  3286 | D        | Reached skill level 23 in Fighting
  3290 | D        | Received a gift from Trog
  3294 | D        | Reached skill level 15 in Axes
  3599 | D        | Noticed Nessos
  3608 | D        | Killed Nessos
  3722 | D        | Received a gift from Trog
  3742 | D        | Noticed Snorg
  3750 | D        | Killed Snorg
  3783 | D        | Noticed a fire dragon
  3783 | D        | Noticed a stone giant
  3783 | D        | Noticed a quicksilver dragon
  3788 | D        | Killed a fire dragon
  3794 | D        | Noticed a white very ugly thing
  3796 | D        | Killed a stone giant
  3799 | D        | Noticed a stone giant
  3800 | D        | Killed a quicksilver dragon
  3801 | D        | Reached XP level 14. HP: 158/158 MP: 13/13
  3801 | D        | Noticed a fire giant
  3805 | D        | Killed a white very ugly thing
  3808 | D        | Noticed a stone giant
  3811 | D        | Received a gift from Trog
  3812 | D        | Noticed a frost giant
  3814 | D        | Reached skill level 24 in Fighting
  3817 | D        | Killed a stone giant
  3823 | D        | Killed a fire giant
  3836 | D        | Killed a stone giant
  3836 | D        | Received a gift from Trog
  3839 | D        | Killed a frost giant
  3854 | D        | Noticed a stone giant
  3865 | D        | Killed a stone giant
  3866 | D        | Noticed a frost giant
  3885 | D        | Killed a frost giant
  3885 | D        | Received a gift from Trog
  3886 | D        | Reached skill level 25 in Fighting
  4548 | D        | Noticed an ironbound preserver
  4559 | D        | Killed an ironbound preserver
  4565 | D        | Received a gift from Trog
  4570 | D        | Noticed a vault warden
  4574 | D        | Noticed an ironbound thunderhulk
  4586 | D        | Killed a vault warden
  4586 | D        | Received a gift from Trog
  4588 | D        | Noticed an ironbound preserver
  4589 | D        | Noticed an ironbound preserver
  4597 | D        | Killed an ironbound thunderhulk
  4597 | D        | Noticed an ironbound preserver
  4598 | D        | Reached skill level 26 in Fighting
  4599 | D        | Paralysed by a great orb of eyes for 3 turns
  4603 | D        | Noticed an ironbound thunderhulk
  4613 | D        | Killed an ironbound preserver
  4615 | D        | Killed an ironbound preserver
  4623 | D        | Killed an ironbound preserver
  4623 | D        | Received a gift from Trog
  4625 | D        | HP: 8/166 [ironbound frostheart/creeping frost (10)]
  4631 | D        | Mangled by an ironbound thunderhulk

Illustrated notes

Levels and vault maps discovered:
D:        linesprint [early_d, line_temple, items_1, d_10, items_2, lair_1,
          lair_end, items_3, orc_1, orc_end, items_4, d_15, swamp_1, shoals_1,
          snake_1, spider_1, d_20, vaults_1, items_5, swamp_end, shoals_end,
          snake_end, spider_end, vaults_end, d_27, items_6, zot_1, zot_end,
          crypt_end, forest_end, elf_end, slime_end, tomb_end, abyss_end,
          pan_hell_end]

Skill      XL: |  1  2  3  4  5  6  7  8  9 10 11 12 13 14 |
---------------+-------------------------------------------+-----
Staves         | 6 8 10 12 13 15 17 18 20 22 23 25 | 25.8
Fighting       | 3 4 6 7 8 10 12 15 18 21 23 26 | 26.6
Dodging        | 5 6 7 8 9 10 11 12 14 16 17 18 | 18.1
Throwing       | 3 4 5 6 |  6.3
Armour         | 1 3 5 7 9 11 12 13 15 18 20 | 20.5
Stealth        | 1 3 4 5 |  5.0
Axes           | 6 16 17 | 17.6

Action                     |  1- 3 |  4- 6 |  7- 9 | 10-12 | 13-15 || total
---------------------------+-------+-------+-------+-------+-------++-------
  Melee: Quarterstaff      |     8 |     9 |     9 |       |       ||    26
         Headbutt          |     2 |     4 |    18 |    68 |    54 ||   146
         Lajatang          |       |    35 |    74 |   214 |   173 ||   496
         Executioner's axe |       |       |       |    22 |    26 ||    48
  Throw: Throwing net      |       |       |     3 |     1 |       ||     4
 Invoke: Berserk           |       |       |     2 |     6 |     4 ||    12
         Trog's Hand       |       |       |     1 |     2 |     4 ||     7
         Brothers in Arms  |       |       |       |     1 |     4 ||     5
    Use: Potion            |     1 |     3 |     2 |     8 |     4 ||    18
         Scroll            |       |       |     2 |     2 |       ||     4
   Stab: Petrified         |       |       |       |     2 |       ||     2
 Armour: Ring mail         |       |    20 |    26 |       |       ||    46
         Troll leather arm |       |       |     3 |    28 |       ||    31
         Plate armour      |       |       |       |     1 |       ||     1
         Chain mail        |       |       |       |    62 |   105 ||   167
  Dodge: Dodged            |     7 |     5 |    62 |   159 |   129 ||   362
